Cogmind - Beta 12 *** ADVENTURER MODE // 2023.03.17 @ 21:15:47 Player: Occam Result: Destroyed by G-47 Trooper with Particle Gun Performance ------------- Evolutions (0) 0 Regions Visited (2) 400 Robots Destroyed (32) 160 Value Destroyed (587) 587 Prototype IDs (2) 40 Alien Tech Used (0) 0 Bonus (0) 0 TOTAL SCORE: 1187 Bonus ------- None Cogmind --------- Core Integrity 0/250 Matter 297/300 Energy 250/250 System Corruption 0% Temperature Warm (146) Movement Rolling (95) Ox1 Location -10/Mines Parts ------- > --- POWER (1) -------- Ion Engine > --- PROPULSION (2) --- Light Treads Wheel > --- UTILITY (2) ------ Medium Storage Unit Seismic Detector > --- WEAPON (2) ------- Particle Gun Light Assault Rifle > --- INVENTORY (10) --- Ion Engine Wheel Improved Heat Sink High-capacity Battery (250) Large Matter Pod (150) Targeting Computer Hardened Light Armor Plating Hardened Light Armor Plating Medium Laser Grenade Launcher Peak State ------------ > --- POWER ------------ Ion Engine > --- PROPULSION ------- Light Treads Wheel > --- UTILITY ---------- Medium Storage Unit Seismic Detector > --- WEAPON ----------- Particle Gun Light Assault Rifle > --- INVENTORY -------- Ion Engine Wheel Improved Heat Sink High-capacity Battery Large Matter Pod Targeting Computer Hardened Light Armor Plating Hardened Light Armor Plating Medium Laser Grenade Launcher [Rating: 9] Favorites ----------- Power Light Ion Engine Engine Light Ion Engine Propulsion Wheel Treads Light Treads Wheel Wheel Utility Seismic Detector Device Seismic Detector Storage Small Storage Unit Weapon Assault Rifle Energy Gun Medium Laser Ballistic Gun Assault Rifle Launcher Grenade Launcher Build | -11 -10 -10 ------- Run | Jun Mat Min Slots Evolved . | . . . Power . | . . . Propulsion . | . . . Utility . | . . . Weapon . | . . . Parts Attached 20 | 7 7 6 Power 3 | 1 2 . Engine 3 | 1 2 . Core . | . . . Reactor . | . . . Propulsion 7 | 2 2 3 Treads 3 | 1 1 1 Leg . | . . . Wheel 4 | 1 1 2 Hover . | . . . Flight . | . . . Utility 4 | 2 2 . Device 2 | 1 1 . Storage 2 | 1 1 . Processor . | . . . Hackware . | . . . Protection . | . . . Artifact . | . . . Weapon 6 | 2 1 3 Energy Gun 3 | 1 1 1 Energy Cannon . | . . . Ballistic Gun 2 | 1 . 1 Ballistic Cannon . | . . . Launcher 1 | . . 1 Special Weapon . | . . . Impact Weapon . | . . . Slashing Weapon . | . . . Piercing Weapon . | . . . Special Melee Weapon . | . . . Unidentified Prototypes . | . . . Parts Lost 5 | . 2 3 Power 1 | . 1 . Propulsion 3 | . 1 2 Utility . | . . . Weapon 1 | . . 1 Highest Loss Streak 3 | . 2 3 To Critical Strikes . | . . . Average Slot Usage (%) 98 | . 99 97 Engine 13 | . 13 14 Treads 14 | . 14 14 Wheel 14 | . 14 14 Device 14 | . 14 14 Storage 14 | . 14 14 Energy Gun 14 | . 14 14 Ballistic Gun 13 | . 14 11 Naked Turns . | . . . Heaviest Build 21 | 12 20 21 Greatest Support 10 | 10 10 10 Greatest Overweight (x) 2 | 1 1 2 Average Overweight (x) . | . . 1 Largest Inventory Capacity 10 | 8 10 10 Average Capacity 8 | 7 8 10 Most Carried 10 | 4 9 10 Average Carried 7 | 2 7 9 Final Capacity 10 | 8 10 10 Final Carried 10 | 4 9 10 Class Distribution -------------------- 100% | Mutant Dominant Class ---------------- Mutant | -10/Materials Mutant | -10/Mines Resources | -11 -10 -10 ----------- Run | Jun Mat Min Matter Collected 725 | 203 365 157 Remotely . | . . . Salvage Created 893 | 45 462 386 Parts 69 | 6 39 24 Haulers Intercepted 2 | . 2 . Recyclers Shooed . | . . . Parts Field Recycled . | . . . Retrieved Matter . | . . . Parts Self-Destructed . | . . . Prevented . | . . . Kills | -11 -10 -10 ------- Run | Jun Mat Min Combat Hostiles Destroyed 26 | . 14 12 Guns 22 | . 14 8 AOE 3 | . . 3 Classes Destroyed 5 | 1 4 . Tunneler 2 | 2 . . Hauler 2 | . 2 . Watcher 2 | . 2 . Swarmer 15 | . 9 6 Grunt 10 | . 5 5 Best Kill Streak 5 | 2 5 4 Combat Bots Only 4 | . 3 4 Max Kills in Single Turn 2 | 1 2 2 Gunslinging 1 | . 1 . Exploded 2 | . . 2 Melee . | . . . Uniques/NPCs Destroyed 1 | . . 1 YI-UF0 (-10/Mines) Combat | -11 -10 -10 -------- Run | Jun Mat Min Damage Taken 871 | . 298 573 Core 258 | . 85 173 Absorbed by Shields . | . . . Core Remaining (%) 100 | 100 . . Volleys Fired 77 | 5 39 33 Largest 2 | 2 2 2 Hottest 85 | 60 70 85 Shots Fired 141 | 10 78 53 Gun 139 | 10 78 51 Cannon . | . . . Launcher 2 | . . 2 Special . | . . . Kinetic 64 | 5 39 20 Thermal 75 | 5 39 31 Explosive 2 | . . 2 Electromagnetic . | . . . Robot Hit Streak 14 | 3 11 14 Robot Miss Streak 3 | 1 3 2 Penetration Max . | . . . Secondary Targets 5 | . 2 3 Max Gunslinging Chain 1 | . 1 1 Shots Hit Robots 108 | 6 59 43 Core Hits 45 | 2 24 19 Critical Kills . | . . . Critical Parts Destroyed . | . . . Critical Strikes 3 | . . 3 Burn 3 | . . 3 Melee Attacks . | . . . Impact . | . . . Slashing . | . . . Piercing . | . . . Sneak Attacks . | . . . Combat Hostiles . | . . . Follow-up Attacks . | . . . Damage Inflicted 1544 | 75 770 699 Guns 1327 | 75 743 509 Cannons . | . . . Explosions 217 | . 27 190 Melee . | . . . Ramming . | . . . Kinetic 559 | 32 402 125 Thermal 768 | 43 341 384 Explosive 190 | . . 190 Electromagnetic 27 | . 27 . Impact . | . . . Slashing . | . . . Piercing . | . . . Highest Corruption . | . . . Average Corruption . | . . . Corruption Purged . | . . . Corruption Blocked . | . . . Overload Shots . | . . . Overflow Damage 10 | . 3 7 Projectiles . | . . . Explosions 10 | . 3 7 Melee . | . . . Knockbacks . | . . . Impact . | . . . Kinetic . | . . . Secondary . | . . . Self-Inflicted Damage 48 | . 48 . Shots 2 | . 2 . Rammed . | . . . Targets Rammed . | . . . Kicked . | . . . Crushed . | . . . Highest Temperature 160 | . 75 160 Average Temperature 37 | . 22 50 Received Heat Transfer 147 | . 48 99 Siege Activations . | . . . Robots Corrupted . | . . . Combat Hostiles . | . . . Parts Fried . | . . . Impact Corruptions . | . . . Robots Melted 1 | . . 1 Combat Hostiles 1 | . . 1 Parts Melted 2 | . . 2 Heat Transferred 2250 | 100 892 1258 Parts Sabotaged . | . . . Parts Stolen . | . . . Parts Stripped . | . . . Power Chain Reactions 2 | . 2 . Missiles Intercepted . | . . . Alert | -11 -10 -10 ------- Run | Jun Mat Min Peak Influence 381 | 10 381 327 Initial 83 | . 5 83 Average 186 | 2 200 194 Maximum Alert Level 1 | . 1 1 Low Security (%) 55 | 100 50 59 Level 1 44 | . 50 40 Level 2 . | . . . Level 3 . | . . . Level 4 . | . . . Level 5 . | . . . High Security . | . . . Max Security . | . . . Squads Dispatched 1 | . 1 . Investigation 1 | . 1 . Extermination . | . . . Reinforcement . | . . . Assault . | . . . Garrison . | . . . Intercept . | . . . Searches Triggered . | . . . Construction Impeded . | . . . Haulers Reinforced . | . . . Active Scanning Responses . | . . . Cargo Convoy Interrupts . | . . . Stealth | -11 -10 -10 --------- Run | Jun Mat Min Distress Signals . | . . . Communications Jammed . | . . . Distress Signals . | . . . Times Spotted 32 | . 18 14 Peak Tracking Total 3 | . 3 3 Tactical Retreats 2 | . 1 1 Traps | -11 -10 -10 ------- Run | Jun Mat Min Traps Triggered 2 | . 2 . Indirectly . | . . . Trap Hack Attempts . | . . . Triggered . | . . . Disarmed . | . . . Reprogrammed . | . . . Reused . | . . . Traps Extracted . | . . . Installed . | . . . Triggered . | . . . Machines | -11 -10 -10 ---------- Run | Jun Mat Min Machines Disabled 2 | . 2 . Max in Single Turn 2 | . 2 . Machines Repaired . | . . . Machines Sabotaged . | . . . Overloaded Fab Kills . | . . . Hacking | -11 -10 -10 --------- Run | Jun Mat Min Machines Accessed 6 | . 6 . Terminals 6 | . 6 . Fabricators . | . . . Repair Stations . | . . . Recycling Units . | . . . Scanalyzers . | . . . Garrison Access . | . . . Total Hacks 21 | . 21 . Successful 12 | . 12 . Failed 8 | . 8 . Catastrophic 1 | . 1 . Database Lockouts 1 | . 1 . Manual 21 | . 21 . Terminals 21 | . 21 . Fabricators . | . . . Repair Stations . | . . . Recycling Units . | . . . Scanalyzers . | . . . Garrison Access . | . . . Terminal Hacks 9 | . 9 . Part Schematic 1 | . 1 . Robot Analysis 2 | . 2 . Prototype ID Bank 1 | . 1 . Branch Access Points 1 | . 1 . Terminal Index 1 | . 1 . Hauler Manifests 1 | . 1 . Registered Components 1 | . 1 . Registered Prototypes 1 | . 1 . Fabricator Hacks . | . . . Repair Station Hacks . | . . . Recycling Unit Hacks . | . . . Scanalyzer . | . . . Garrison Access Hacks . | . . . Unauthorized Hacks 3 | . 3 . Terminals 3 | . 3 . Botnet 3 | . 3 . Fabricators . | . . . Repair Stations . | . . . Recycling Units . | . . . Scanalyzers . | . . . Garrison Access . | . . . Data Cores Recovered . | . . . Used . | . . . Hacking Detections 5 | . 5 . Full Trace Events 1 | . 1 . Feedback Events . | . . . Feedback Blocked . | . . . Robot Schematics Acquired . | . . . Robots Built . | . . . Authchips . | . . . Time . | . . . Total Robot Build Rating . | . . . Part Schematics Acquired 1 | . 1 . Parts Built . | . . . Authchips . | . . . Time . | . . . Total Part Build Rating . | . . . Parts Repaired . | . . . Time . | . . . Parts Recycled . | . . . Recycled Matter . | . . . Retrieved Matter . | . . . Retrieved Components . | . . . Parts Scanalyzed . | . . . Part Schematics Acquired . | . . . Parts Damaged . | . . . Bothacking | -11 -10 -10 ------------ Run | Jun Mat Min Used RIF Installer . | . . . Robots Hacked . | . . . Non-combat . | . . . Combat . | . . . Robot Hacks Applied . | . . . Relay Couplers Released . | . . . Fabnet Peak Effective % . | . . . Robots Rewired . | . . . Allies Hacked . | . . . Hacks Repelled . | . . . Allies | -11 -10 -10 -------- Run | Jun Mat Min Total Allies . | . . . Largest Group . | . . . Highest-Rated Group . | . . . Highest-Rated Ally . | . . . Total Orders . | . . . Ally Attacks . | . . . Total Damage . | . . . Kills . | . . . Allies Corrupted . | . . . Allies Melted . | . . . Intel | -11 -10 -10 ------- Run | Jun Mat Min Robot Analysis Total 2 | . 2 . Derelict Logs Recovered . | . . . Drone Launches . | . . . Drone Recoveries . | . . . Exploration | -11 -10 -10 ------------- Run | Jun Mat Min Turns Passed 1184 | 71 756 357 Spaces Moved 951 | 46 641 264 Core 1 | 1 . . Treads . | . . . Legs . | . . . Wheels 950 | 45 641 264 Hover . | . . . Flight . | . . . Fastest Speed 50 | 50 80 95 Average Speed 94 | 90 93 95 Slowest Speed 110 | 95 95 110 Overloaded Moves . | . . . Propulsion Burnouts . | . . . Robots Hopped . | . . . Cave-ins Triggered . | . . . Exploration Rate (%) 53 | 4 99 58 Regions Visited 2 Branch Regions 1 Pre-discovered Areas . | . . . Known Exits Taken 1 | . 1 . Unknown Exits Taken 1 | 1 . . Scrap Searched . | . . . Spaces Dug . | . . . Terrain Destroyed 18 | . 2 16 Melee . | . . . Projectile . | . . . AOE 18 | . 2 16 Terrain Rammed . | . . . Walls Destroyed . | . . . Machines Disabled . | . . . Actions | -11 -10 -10 --------- Run | Jun Mat Min Total 1099 | 61 719 319 Wait 30 | . 19 11 Move 949 | 45 640 264 Hop . | . . . Pick Up 14 | 4 8 2 Fast Attach 9 | 7 . 2 Attach 5 | . 2 3 Detach 2 | . . 2 Swap 6 | . 5 1 Drop 7 | . 6 1 Fire 77 | 5 39 33 Melee . | . . . Ram . | . . . Kick . | . . . Crush . | . . . Escape Stasis . | . . . Rewire . | . . . Trap . | . . . Miscellaneous . | . . . Route ------- -11/Junkyard -10/Materials (discovered 5 exits: [*Mat x3] / *Min x2) -10/Mines History --------- Turn | Location | Event 21 | -11/Junkyard | Discovered new exit (range 15) 72 | -11/Junkyard | Entered Materials 177 | -10/Materials | Discovered new exit (range 5) 262 | -10/Materials | Identified exit to Mines 318 | -10/Materials | Build established: Mutant 416 | -10/Materials | Discovered new exit (range 14) 591 | -10/Materials | Discovered new exit (range 13) 627 | -10/Materials | Central database locked down 755 | -10/Materials | Discovered new exit (range 14) 828 | -10/Materials | Entered Mines 924 | -10/Mines | Core integrity fell below 50% 930 | -10/Mines | Destroyed YI-UF0 934 | -10/Mines | Lost 3 parts (2n1w) 1127 | -10/Mines | Core integrity fell below 20% 1185 | -10/Mines | Destroyed by G-47 Trooper with Particle Gun Last Messages --------------- 01058_ Acquired Imp. Heat Sink. 01060_ Acquired Particle Gun. 01078_ Acquired 10 matter. 01097_ K-01 Serf collects debris. 01104_ U-05 Engineer lays Concrete. 01107_ U-05 Engineer builds a Wall. 01107_ K-01 Serf collects debris. 01110_ U-05 Engineer lays Concrete. 01113_ U-05 Engineer builds a Wall. 01119_ U-05 Engineer lays Concrete. 01124_ S-10 Pest destroyed. 01126_ Switching to secondary target: S-10 Pest. 01128_ U-05 Engineer lays Concrete. 01134_ R-06 Scavenger collects Lgt. Ion Engine. 01135_ S-10 Pest destroyed. 01137_ R-06 Scavenger collects Flight Unit. 01138_ Acquired 5 matter. 01141_ R-06 Scavenger collects Flight Unit. 01182_ G-34 Mercenary destroyed. 01182_ Switching to secondary target: G-47 Trooper. Map ----- +----------------------------------------------------+ | ??????????????????????????????????????## ? ? | | ?????????????????????????????????????## ? ? | | ?????????????????????????????????????? """ # | | ???????????????????????????????????????# """ | | ????????????????????????????????????????# """ | | ?????????????????????????????????????????# """ | | ?????????????????????????????????????????# | | ?????????????????????????????????????????# | | ?????????????????????????????????????????# | | ??????????????????????????????????????????# | | ??????????????????????????????????????????# | | ????????????????????????#?????????????????### | | ????????????????????????? ???????????????#### | | ????????????????????????? ##########?????# # | | ??????????????????????????$ ##????# | | ??????????????????????????? ##???# | | ???????????????????????????# ## ##### | | ???????????????????????????# ## ## ## ## | | ?????????????????????###???# ## # ## | | ???????????????????### ##?# ### # # # | | ??????????????????## ### #?## ## | | ??????????????????# #??###### [* % | | ??????????????????# """ ####???????## %=% | | ?????????????????## """ ##???????????# #=## | | ????????????????## """ #???????????## ### ## | | ????????????????# @#??????????## #?###### | | ???????????????# [== ?????????# #????# # | | ??????????????# g%## #???????# #???## | | ??????????????# *#??# #???????## ##??# | | ??????????????## ???? #????????# #??# | | ???????????????## ????? #????????## #??# # | | ????????????????## ?????? #?????????## #??#### | | ?????????????????###??????? #??????????####?????# | | ??????????????????????????? #???????????????????# | | ????????????????????????????#???????????????????? | | ????????????????????????????????????????????????? | | ????????????????????????????????????????????????? | | ????????????????????????????????????????????????? | | ????????????????????????????????????????????????? | | ????????????????????????????????????????????????? | | ????????????????????????????????????????????????? | | ????????????????????????????????????????????????? | | ?????????????????????????????????????????????#### | | ????????????????????????????????????????????## | | ????????????????????????????????????????????# | | ????????????????????????????????????????????# | | ????????????????????????????????????????????# | | ????????????????????????????????????????????# | | ????????????????????????????????????????????# | | ????????????????????????????????????????????# | +----------------------------------------------------+ Best States ------------- Heat Dissipation 25 Energy Generation 10 Energy Capacity 250 Matter Stores 300 Matter Capacity 300 Sight Range 16 Terrain Scan Density 10 Resistance: KI 20 Resistance: TH 20 Resistance: EX 20 Resistance: EM 20 Resistance: I 20 Resistance: S 20 Resistance: P 20 Evasion (%) 44 Offensive Hacking 10 Item Schematics ----------------- Huge Storage Unit | -10/Materials | Hacked Robot Schematics ------------------ None Fabricated ------------ Nothing Alien Tech Used ----------------- None Achievements -------------- None Challenges ------------ None Game ------ Seed SiegeGatlingTerrabomb Manual? 0 Play Time 00:12:57 Cumulative 102.6 hours Start 2023.03.17 @ 21:03:05 End 2023.03.17 @ 21:15:47 Sessions 1 Manual Loads 0 Difficulty Adventurer Special Mode None Game No. 88 Rogue 0 Adventurer 88 Explorer 0 Win Type - Total 1 Types 1/0/0/0/0/0/0/0/0 Lore% 50 Gallery% 52 Achievement% 45 Wizard Run 0 Options --------- ASCII 0 Keyboard 0 Movement Mouse Keybinds 0 Fullscreen 2 Font 20/SmallcapsGlow Map View 66x50 Tactical HUD 1 Map Filters NONE Filters NONE Steam X RUN: f6277e23-9cb1-43b7-8be2-843c33ac6c25